 Dungeon Crawl Stone Soup version 0.30-a0-166-g5d06c95188 (webtiles) character file.

Game seed: 10294543623724371793

3547 qw the Cleaver (level 10, -8/60 HPs)
             Began as a Gargoyle Fighter on Sept 28, 2022.
             Was an Initiate of Okawaru.
             Mangled by a skeletal warrior
             ... wielding a +1 vorpal battleaxe
              (13 damage)
             ... on level 8 of the Dungeon.
             The game lasted 00:02:47 (7745 turns).

qw the Cleaver (Gargoyle Fighter)                   Turns: 7745, Time: 00:02:48

Health: -8/60      AC: 32    Str: 26    XL:     10   Next: 9%
Magic:  10/10      EV:  6    Int:  8    God:    Okawaru [......]
Gold:   372        SH: 10    Dex: 11    Spells: 9/9 levels left

rFire   . . .      SeeInvis +    Y - +0 war axe (elec)
rCold   . . .      Faith    .    j - +0 kite shield
rNeg    + + .      Spirit   .    o - +0 plate armour
rPois   inf        Reflect  .    k - +4 hat of Neleyqaa {*Slow Fly Str-2 SInv}
rElec   +          Harm     .    r - +0 cloak of Miracles {Str+3}
rCorr   +          Rampage  .    i - +2 pair of gloves
Will    .....                    q - +2 pair of boots
Stlth   ..........               (no amulet)
HPRegen 0.20/turn                m - ring of resist corrosion
MPRegen 0.12/turn                h - ring of positive energy

@: flying
A: sickness immunity, AC +7, negative energy resistance 1, electricity
resistance, torment resistance 1, petrification resistance, thin skeletal
structure 1, evolution 1, MP-powered wands
a: Renounce Religion


You were on level 8 of the Dungeon.
You worshipped Okawaru.
Okawaru was noncommittal.
You visited 2 branches of the dungeon, and saw 9 of its levels.

You collected 554 gold pieces.
You spent 182 gold pieces at shops.


Innate Abilities, Weirdness & Mutations

You are immune to sickness and miasma.
Your stone body is resilient. (AC +7)
You are immune to poison.
You resist negative energy. (rN+)
You are resistant to electric shocks. (rElec)
You are resistant to unholy torment.
You are immune to petrification.
You have a somewhat thin skeletal structure. (Dex +2, Stealth+)
You have hidden genetic potential.
You expend magic power (3 MP) to strengthen your wands.


   Skills:
 - Level 6.1 Fighting
 + Level 8.9 Axes
 - Level 7.1 Armour
 - Level 1.4 Dodging
 - Level 8.4 Shields


You had 9 spell levels left.
You didn't know any spells.
Your spell library was empty.

Inventory:

Hand Weapons
 u - a +0 morningstar
 Y - a +0 war axe of electrocution (weapon)
Armour
 i - a +2 pair of gloves (worn)
 j - a +0 kite shield (worn)
 k - the +4 hat of Neleyqaa (worn) {*Slow Fly Str-2 SInv}
   (You found it on level 7 of the Dungeon)

   Str:       It affects your strength (-2).
   SInv:      It lets you see invisible.
   Fly:       It grants you flight.
   *Slow:     It may slow you when you take damage.
 o - a +0 plate armour (worn)
 q - a +2 pair of boots (worn)
 r - the +0 cloak of Miracles (worn) {Str+3}
   (You acquired it on level 5 of the Dungeon)

   Str:       It affects your strength (+3).
 s - the +2 hat "Uthuwnu" {rPois rF- rC+ rN++}
   (You acquired it on level 6 of the Dungeon)

   rF:        It makes you vulnerable to fire.
   rC:        It protects you from cold.
   rPois:     It protects you from poison.
   rN:        It greatly protects you from negative energy.
 t - a +0 helmet
Jewellery
 h - a ring of positive energy (right hand)
 m - a ring of resist corrosion (left hand)
Scrolls
 a - a scroll of identify
Potions
 b - a potion of attraction
 c - 3 potions of mutation
 d - 5 potions of might
 e - a potion of cancellation
 f - 6 potions of curing
 g - a potion of lignification
 l - a potion of magic
 n - 3 potions of haste
 p - a potion of brilliance {unknown}
 v - a potion of resistance {unknown}

Dungeon Overview and Level Annotations

Branches:
Dungeon (8/15)             Temple (1/1) D:7
   Lair: D:8-11

Altars:
Ashenzari
Cheibriados
Dithmenos
Elyvilon
Fedhas
Hepliaklqana
Kikubaaqudgha
Makhleb
Okawaru
Qazlal
Ru
Sif Muna
Trog
Uskayaw
Wu Jian
Xom
Yredelemnul
Zin
The Shining One

Shops:
D:3 !

Annotations:
D:4 2 runed translucent doors, qw's ghost, novice GrFi


Message History

You hit the steam dragon.
The killer bee stings you but does no damage.
You block the killer bee's attack.
The steam dragon bites you but does no damage.
The steam dragon claws you. You block the killer bee's attack.
You slash the killer bee!
Lightning courses through the killer bee!
You kill the killer bee!
Okawaru accepts your kill.
You hit the steam dragon.
The steam dragon bites you but does no damage.
The steam dragon claws you. The killer bee barely misses you.
You closely miss the steam dragon.
The steam dragon is lightly wounded.
You barely miss the killer bee. You barely miss the skeletal warrior.
The killer bee stings you but does no damage.
You block the skeletal warrior's attack.
The steam dragon bites you! You block the steam dragon's attack.
The killer bee stings you but does no damage.
You hit the steam dragon but do no damage.
Lightning courses through the steam dragon!
The steam dragon is heavily wounded.
You closely miss the killer bee.
You hit the skeletal warrior but do no damage.
The killer bee stings you but does no damage. x2
The steam dragon bites you. You block the steam dragon's attack.
The skeletal warrior hits you with a +1 vorpal battleaxe!
The killer bee stings you but does no damage.
The steam dragon bites you!
The steam dragon claws you but does no damage.
You block the skeletal warrior's attack.
You hit the steam dragon but do no damage.
The steam dragon is heavily wounded.
You slash the killer bee! You slash the skeletal warrior!
The killer bee stings you but does no damage.
The killer bee stings you.
The steam dragon bites you but does no damage.
The steam dragon claws you.
The skeletal warrior hits you with a +1 vorpal battleaxe!
You die...

# .
.##########.#..
...............
..########<....#..
..................
........####.####.
###.###))## ..# #
##)D###.###.
##z@yy.....
####.###.. #


You could see a skeletal warrior, a steam dragon and 2 killer bees.

Vanquished Creatures
  A two-headed ogre (D:4)
  A hornet (D:7)
  Sigmund (D:4)
  Menkaure (D:4)
  An ice beast (D:7)
  An orc warrior (D:8)
  An ogre (D:6)
  3 phantoms
  2 kobold brigands (D:8)
  2 bullfrogs (D:7)
  A necrophage (D:6)
  3 scorpions
  8 wights (D:6)
  2 killer bees (D:8)
  3 howler monkeys (D:7)
  7 hounds
  A jelly (D:6)
  An orc priest (D:5)
  4 iguanas
  Jessica (D:3)
  4 orc wizards
  Natasha (thrice) (D:3)
  Robin (D:4)
  16 adders
  7 gnolls
  2 ufetubi
  2 worms
  3 dart slugs
  26 orcs
  A bat (D:2)
  4 endoplasms
  4 giant cockroaches
  6 goblins
  13 hobgoblins
  7 jackals
  A quokka (D:1)
  9 ball pythons
  4 frilled lizards
  8 kobolds
  7 rats
173 creatures vanquished.

Vanquished Creatures (others)
  4 demonic plants (D:3)
  4 fungi (D:3)
  3 plants
11 creatures vanquished.

Grand Total: 184 creatures vanquished

Notes
Turn   | Place    | Note
-------+----------+-------------------------------------------
     0 | D:1      | qw the Gargoyle Fighter began the quest for the Orb.
     0 | D:1      | Reached XP level 1. HP: 14/14 MP: 1/1
     0 | D:1      | 0 ||| qw: Version: 0.2-a-12-gaebbb33
     0 | D:1      | 0 ||| qw: Game counter: 987
     0 | D:1      | 0 ||| qw: Always use a shield: true
     0 | D:1      | 0 ||| qw: God list: Okawaru
     0 | D:1      | 0 ||| qw: Allow faded altars: false
     0 | D:1      | 0 ||| qw: Do Orc after D:15 true
     0 | D:1      | 0 ||| qw: Do second Lair branch before Depths: true
     0 | D:1      | 0 ||| qw: Lair rune preference: random
     0 | D:1      | 0 ||| qw: Plans: Normal, Zot:1-4, God:TSO, Crypt, Tomb,
                  | Pan, Slime:5, Hells, Abyss, Orb
     0 | D:1      | 0 ||| PLANNING D:1-11
   111 | D:1      | 111 ||| Stepping ~*~*~tactically~*~*~ (hiding).
   173 | D:1      | Reached XP level 2. HP: 19/19 MP: 2/2
   845 | D:1      | 845 ||| UPGRADING to +0 kite shield.
   855 | D:1      | 855 ||| DROPPING +0 buckler.
   856 | D:1      | 856 ||| DROPPING ring of wizardry.
   857 | D:1      | 857 ||| READING 2 scrolls labelled CUYDUY EFYM.
   865 | D:2      | 865 ||| STAIRDANCE
   870 | D:1      | Reached skill level 3 in Axes
   875 | D:2      | Reached XP level 3. HP: 17/23 MP: 3/3
   876 | D:2      | 876 ||| STAIRDANCE
  1171 | D:2      | 1171 ||| Stepping ~*~*~tactically~*~*~ (stealth).
  1172 | D:2      | 1172 ||| Stepping ~*~*~tactically~*~*~ (stealth).
  1199 | D:2      | Identified the +1 leather armour "Hagoro" {rN+ Dex-3 SInv}
  1674 | D:2      | 1674 ||| DROPPING +1 leather armour "Hagoro" {rN+ Dex-3
                  | SInv}.
  1675 | D:2      | 1675 ||| UPGRADING to +0 plate armour.
  1685 | D:2      | 1685 ||| DROPPING +0 scale mail.
  1686 | D:2      | 1686 ||| UPGRADING to ring of resist corrosion.
  1687 | D:2      | 1687 ||| READING scroll labelled ZUYWUX DAO.
  1688 | D:2      | 1688 ||| READING scroll labelled ERITHA DET XOW.
  1739 | D:2      | 1739 ||| DRINKING 2 bubbling golden potions.
  1740 | D:2      | 1740 ||| READING 4 scrolls of identify.
  1740 | D:2      | 1740 ||| IDENTIFYING purple potion
  1741 | D:2      | 1741 ||| READING 3 scrolls of identify.
  1741 | D:2      | 1741 ||| IDENTIFYING brown potion
  1742 | D:2      | 1742 ||| READING 2 scrolls of identify.
  1742 | D:2      | 1742 ||| IDENTIFYING coppery potion
  1743 | D:2      | 1743 ||| DROPPING potion of flight.
  1801 | D:3      | 1801 ||| Stepping ~*~*~tactically~*~*~ (stealth).
  1816 | D:3      | Reached XP level 4. HP: 25/28 MP: 4/4
  1866 | D:3      | Found a faded altar of an unknown god.
  2137 | D:3      | Noticed Jessica
  2137 | D:3      | Noticed Natasha
  2147 | D:3      | Killed Jessica
  2147 | D:3      | Killed Natasha
  2148 | D:3      | Reached XP level 5. HP: 13/32 MP: 5/5
  2245 | D:3      | Noticed Natasha
  2259 | D:3      | Killed Natasha
  2359 | D:3      | Noticed Natasha
  2360 | D:3      | 2360 ||| FLEEEEING.
  2361 | D:3      | 2361 ||| FLEEEEING.
  2363 | D:3      | 2363 ||| FLEEEEING.
  2364 | D:3      | 2364 ||| FLEEEEING.
  2365 | D:3      | 2365 ||| FLEEEEING.
  2366 | D:3      | 2366 ||| FLEEEEING.
  2367 | D:3      | 2367 ||| FLEEEEING.
  2368 | D:3      | 2368 ||| FLEEEEING.
  2369 | D:3      | 2369 ||| FLEEEEING.
  2370 | D:3      | 2370 ||| FLEEEEING.
  2372 | D:3      | 2372 ||| FLEEEEING.
  2373 | D:3      | 2373 ||| FLEEEEING.
  2374 | D:3      | 2374 ||| Stepping ~*~*~tactically~*~*~ (hiding).
  2376 | D:3      | 2376 ||| Stepping ~*~*~tactically~*~*~ (hiding).
  2383 | D:3      | HP: 6/32 [Natasha (4)]
  2384 | D:3      | 2384 ||| DRINKING potion of heal wounds.
  2386 | D:3      | Killed Natasha
  2626 | D:3      | Found Luhinapa's Distillery.
  2639 | D:3      | 2639 ||| BUYING 2 potions of might (104 gold).
  2639 | D:3      | Bought 2 potions of might for 104 gold pieces
  2639 | D:3      | 2639 ||| BUYING potion of curing (39 gold).
  2639 | D:3      | Bought a potion of curing for 39 gold pieces
  2639 | D:3      | 2639 ||| BUYING potion of curing (39 gold).
  2639 | D:3      | Bought a potion of curing for 39 gold pieces
  2639 | D:3      | 2639 ||| SHOPLISTING potion of haste (130 gold, have 23).
  2639 | D:3      | 2639 ||| SHOPLISTING potion of heal wounds (65 gold, have
                  | 23).
  2639 | D:3      | 2639 ||| SHOPLISTING potion of lignification (39 gold, have
                  | 23).
  2723 | D:3      | Reached XP level 6. HP: 37/37 MP: 6/6
  2958 | D:3      | 2958 ||| UPGRADING to +0 pair of gloves.
  3146 | D:4      | 3146 ||| Stepping ~*~*~tactically~*~*~ (hiding).
  3556 | D:4      | 3556 ||| READING scroll of enchant armour.
  3556 | D:4      | 3556 ||| ENCHANTING +0 pair of gloves.
  3599 | D:4      | 3599 ||| Stepping ~*~*~tactically~*~*~ (stealth).
  3609 | D:4      | 3609 ||| Stepping ~*~*~tactically~*~*~ (stealth).
  3619 | D:4      | Noticed Robin
  3620 | D:4      | 3620 ||| Stepping ~*~*~tactically~*~*~ (hiding).
  3625 | D:4      | Reached XP level 7. HP: 43/43 MP: 7/7
  3631 | D:4      | Killed Robin
  3741 | D:4      | Noticed Menkaure
  3750 | D:4      | Killed Menkaure
  3930 | D:4      | Found a large runed translucent door.
  3930 | D:4      | Found a large runed translucent door.
  3932 | D:4      | Noticed qw's ghost (novice GrFi)
  4052 | D:4      | Reached skill level 6 in Axes
  4089 | D:4      | Noticed Sigmund
  4110 | D:4      | Killed Sigmund
  4111 | D:4      | Reached skill level 6 in Shields
  4208 | D:4      | Noticed a two-headed ogre
  4215 | D:4      | HP: 3/43 [two-headed ogre/+0 dire flail (20)]
  4216 | D:4      | 4216 ||| DRINKING 2 potions of heal wounds.
  4218 | D:4      | 4218 ||| DRINKING potion of heal wounds.
  4225 | D:4      | HP: 4/43 [two-headed ogre/+0 dire flail (7)]
  4226 | D:4      | Killed a two-headed ogre
  4227 | D:4      | Reached XP level 8. HP: 5/48 MP: 8/8
  4931 | D:4      | 4931 ||| UPGRADING to +2 pair of boots.
  4936 | D:4      | 4936 ||| UPGRADING to +0 helmet.
  4941 | D:4      | 4941 ||| DROPPING scarf of harm.
  4942 | D:4      | 4942 ||| READING scroll labelled HYCEISTUMPI.
  4943 | D:4      | 4943 ||| READING scroll labelled UMEOM POXUCWUM.
  5012 | D:4      | 5012 ||| READING scroll labelled GAEMAE CAYMA.
  5013 | D:4      | 5013 ||| READING scroll labelled ZORCHE IZXI.
  5014 | D:4      | 5014 ||| READING scroll labelled KIYGIU UVUKH.
  5015 | D:4      | 5015 ||| DRINKING 2 blue potions.
  5015 | D:4      | Gained mutation: You have hidden genetic potential. [potion
                  | of mutation]
  5015 | D:4      | Gained mutation: You expend magic power (3 MP) to
                  | strengthen your wands. [potion of mutation]
  5024 | D:5      | Entered Level 5 of the Dungeon
  5081 | D:5      | Found a burning altar of Makhleb.
  5347 | D:5      | Found a blossoming altar of Fedhas.
  5366 | D:5      | Reached XP level 9. HP: 52/52 MP: 9/9
  5370 | D:5      | 5370 ||| Stepping ~*~*~tactically~*~*~ (hiding).
  5382 | D:5      | Reached skill level 1 in Dodging
  5656 | D:5      | 5656 ||| READING scroll labelled OCYNWO RENK.
  5656 | D:5      | Identified a scroll of acquirement
  5656 | D:5      | 5656 ||| ACQUIRING +0 cloak of Miracles {Str+3}
  5656 | D:5      | Acquired the +0 cloak of Miracles {Str+3}
  5658 | D:5      | 5658 ||| UPGRADING to +0 cloak of Miracles {Str+3}.
  5663 | D:5      | 5663 ||| DRINKING 3 fuming inky potions.
  5664 | D:5      | 5664 ||| DRINKING 3 sedimented amethyst potions.
  5665 | D:5      | 5665 ||| DRINKING 2 viscous grey potions.
  5666 | D:5      | 5666 ||| READING 2 scrolls of identify.
  5666 | D:5      | 5666 ||| IDENTIFYING yellow potion
  5667 | D:5      | 5667 ||| DROPPING 2 potions of invisibility.
  5668 | D:5      | 5668 ||| DROPPING potion of degeneration.
  5803 | D:6      | 5803 ||| READING scroll of acquirement.
  5803 | D:6      | 5803 ||| ACQUIRING +2 hat "Uthuwnu" {rPois rF- rC+ rN++}
  5803 | D:6      | Acquired the +2 hat "Uthuwnu" {rPois rF- rC+ rN++}
  5805 | D:6      | 5805 ||| UPGRADING to +2 hat "Uthuwnu" {rPois rF- rC+
                  | rN++}.
  6023 | D:6      | Gained mutation: You have a somewhat thin skeletal
                  | structure. (Dex +2, Stealth+) [hidden potential]
  6055 | D:6      | 6055 ||| Stepping ~*~*~tactically~*~*~ (stealth).
  6058 | D:6      | 6058 ||| Stepping ~*~*~tactically~*~*~ (stealth).
  6197 | D:6      | 6197 ||| Stepping ~*~*~tactically~*~*~ (stealth).
  6208 | D:6      | 6208 ||| DROPPING +0 flail.
  6243 | D:6      | 6243 ||| Stepping ~*~*~tactically~*~*~ (stealth).
  6335 | D:6      | Found a hide-covered altar of Uskayaw.
  6338 | D:6      | Found a broken altar of Ashenzari.
  6611 | D:6      | Reached skill level 6 in Fighting
  6901 | D:6      | 6901 ||| READING 3 scrolls of identify.
  6901 | D:6      | 6901 ||| IDENTIFYING puce potion
  6902 | D:6      | 6902 ||| READING 2 scrolls of identify.
  6902 | D:6      | 6902 ||| IDENTIFYING metallic black potion
  6903 | D:6      | 6903 ||| DROPPING potion of ambrosia.
  7001 | D:7      | Identified the +4 hat of Neleyqaa {*Slow Fly Str-2 SInv}
  7007 | D:7      | Found a staircase to the Ecumenical Temple.
  7008 | D:7      | 7008 ||| PLANNING TEMPLE
  7008 | D:7      | 7008 ||| UPGRADING to +4 hat of Neleyqaa {*Slow Fly Str-2
                  | SInv}.
  7018 | D:7      | 7018 ||| UPGRADING to ring of positive energy.
  7033 | Temple   | Entered the Ecumenical Temple
  7034 | Temple   | 7034 ||| PLANNING OKAWARU WORSHIP
  7187 | Temple   | Became a worshipper of Warmaster Okawaru
  7188 | Temple   | 7188 ||| PLANNING D:1-11
  7348 | D:7      | 7348 ||| READING scroll of enchant armour.
  7348 | D:7      | 7348 ||| ENCHANTING +1 pair of gloves.
  7459 | D:7      | Noticed a hornet
  7467 | D:7      | Killed a hornet
  7665 | D:7      | Found a shimmering blue altar of Sif Muna.
  7670 | D:7      | 7670 ||| READING scroll labelled DOTUNA CIOKH.
  7671 | D:7      | 7671 ||| READING 2 scrolls of identify.
  7671 | D:7      | 7671 ||| IDENTIFYING cyan potion
  7700 | D:8      | 7700 ||| Stepping ~*~*~tactically~*~*~ (stealth).
  7702 | D:8      | 7702 ||| Stepping ~*~*~tactically~*~*~ (hiding).
  7710 | D:8      | Reached XP level 10. HP: 60/60 MP: 10/10
  7718 | D:8      | 7718 ||| Stepping ~*~*~tactically~*~*~ (stealth).
  7721 | D:8      | 7721 ||| Stepping ~*~*~tactically~*~*~ (stealth).
  7735 | D:8      | Noticed a skeletal warrior
  7744 | D:8      | HP: 12/60 [steam dragon (7)]
  7745 | D:8      | HP: 5/60 [steam dragon (2)]
  7745 | D:8      | Mangled by a skeletal warrior

Levels and vault maps discovered:
D:1:      matt_arrival_diagonals, layout_basic, minivault_26,
          dreamdust_mushroom_princess
D:2:      layout_loops_ring, kennysheep_generic_room_7
D:3:      layout_basic, shapermc_ecumenical_altar_gd, serial_shops, shop_coins,
          uniq_jessica, uniq_natasha
D:4:      kennysheep_six_static_rooms, layout_loops_ring,
          ebering_ghost_disaster_area, minmay_snake_closets, uniq_sigmund,
          uniq_menkaure, uniq_robin
D:5:      layout_gridville, mainiacjoe_overflow_boulevard, fedhas_altar_3
D:6:      layout_cave_pods, mainiacjoe_overflow_catwalk_spiral
D:7:      layout_cave_pools, overflow_temple_1_default,
          minmay_temple_entry_mini_moons
D:8:      minmay_the_grid_octo_tiled_squarecenter [minmay_the_grid_octo_focus,
          minmay_the_grid_octo_fat_diamond, minmay_the_grid_octo_toaster,
          minmay_the_grid_octo_checkered,
          minmay_the_grid_square_5x5_megaprize_crossed,
          minmay_the_grid_square_5x5_minibox,
          minmay_the_grid_square_5x5_n_small,
          minmay_the_grid_square_5x5_two_walls_b,
          minmay_the_grid_square_5x5_tie], layout_basic, serial_shops,
          nicolae_stop_n_shop_1, uniq_joseph, uniq_maurice
Temple:   nicolae_temple_bog_church

Skill      XL: |  1  2  3  4  5  6  7  8  9 |
---------------+----------------------------+-----
Axes           | 2 3 4 5 6 7 8 |  8.9
Shields        | 4 5 6 8 |  8.4
Fighting       | 4 6 |  6.1
Armour         | 7 |  7.1
Dodging        | 1 |  1.4

Action                   |  1- 3 |  4- 6 |  7- 9 | 10-12 || total
-------------------------+-------+-------+-------+-------++-------
Melee: War axe           |    95 |   147 |   301 |    33 ||   576
Throw: Boomerang         |       |     3 |    29 |       ||    32
  Use: Scroll            |     6 |     1 |    13 |       ||    20
       Potion            |     1 |     1 |     6 |       ||     8
Armor: Scale mail        |    48 |       |       |       ||    48
       Plate armour      |    22 |    84 |   176 |    42 ||   324
Dodge: Dodged            |    32 |    22 |    60 |    20 ||   134
Block: Buckler           |     7 |       |       |       ||     7
       Kite shield       |    30 |    54 |   153 |    22 ||   259

Table legend:
 A = Non-vault XP
 B = Vault XP
 C = Vault XP percentage of total XP
 D = Non-vault monster count
 E = Vault monster count
 F = Vault count percentage of total count
                 A         B        C        D         E       F
            +---------+---------+-------+---------+---------+-------
      Total |    4215 |     853 |  16.8 |     141 |      32 |  18.5
            +---------+---------+-------+---------+---------+-------
        D:1 |      31 |       0 |   0.0 |      17 |       0 |   0.0
        D:2 |      33 |       2 |   5.7 |      14 |       1 |   6.7
        D:3 |     240 |      72 |  23.1 |      25 |       2 |   7.4
        D:4 |     864 |     679 |  44.0 |      17 |      28 |  62.2
        D:5 |     670 |       0 |   0.0 |      21 |       0 |   0.0
        D:6 |    1214 |       0 |   0.0 |      26 |       0 |   0.0
        D:7 |     773 |       0 |   0.0 |       9 |       0 |   0.0
        D:8 |     390 |     100 |  20.4 |      12 |       1 |   7.7
            +---------+---------+-------+---------+---------+-------
